 Dungeon Crawl Stone Soup version 0.29-a0-322-g68df515428 (webtiles) character file.

Game seed: 12627857392025291797

111 Ijustatesigmund the Magician (level 4, -2/24 HPs)
             Began as a Deep Elf Fire Elementalist on Apr 7, 2022.
             Slain by Terence
             ... wielding a +0 falchion
              (9 damage)
             ... on level 2 of the Dungeon.
             The game lasted 00:03:00 (2122 turns).

Ijustatesigmund the Magician (DEFE)                 Turns: 2122, Time: 00:03:02

Health: -2/24      AC:  2    Str:  5    XL:     4   Next: 62%
Magic:  4/12       EV: 12    Int: 22    God:
Gold:   170        SH:  0    Dex: 15    Spells: 5/12 levels left

rFire   . . .      SeeInvis .   c - +1 short sword (drain)
rCold   . . .      Faith    .   (no shield)
rNeg    . . .      Spirit   .   a - +0 robe
rPois   .          Reflect  .   (no helmet)
rElec   .          Harm     .   (no cloak)
rCorr   .          Rampage  .   (no gloves)
Will    .....                   (no boots)
Stlth   ++........              (no amulet)
HPRegen 0.08/turn               (no ring)
MPRegen 0.13/turn               (no ring)

@: no status effects
A: no striking features
a: no special abilities


You were on level 2 of the Dungeon.
You visited 1 branch of the dungeon, and saw 3 of its levels.

You collected 170 gold pieces.

Inventory:

Hand Weapons
 c - a +1 short sword of draining (weapon)
Armour
 a - a +0 robe (worn)
Scrolls
 e - a scroll of identify
 f - a scroll of teleportation {unknown}
 g - 2 scrolls of noise {unknown}
 h - a scroll of blinking {unknown}
 i - 3 scrolls of fear {unknown}
Potions
 b - a potion of magic
 d - 2 potions of curing


   Skills:
 - Level 2.4 Dodging
 - Level 2.4 Stealth
 + Level 4.5 Spellcasting
 + Level 3.0 Conjurations
 + Level 4.3 Fire Magic


You had 5 spell levels left.
You knew the following spells:

 Your Spells              Type           Power      Damage    Failure   Level
a - Foxfire               Conj/Fire      84%        2x1d8     2%          1
b - Scorch                Fire           48%        2d7       2%          2
c - Flame Wave            Conj/Fire      21%        2d7       24%         4

Your spell library contained the following spells:

 Spells                   Type           Power      Damage    Failure   Level
 Conjure Flame            Conj/Fire      21%        6-21      7%          3
 Inner Flame              Hex/Fire       14%        N/A       13%         3


Dungeon Overview and Level Annotations

Branches:
Dungeon (3/15)

Altars:

Annotations:
D:2 Terence


Message History

You conjure some foxfire!
The foxfire hits Terence but does no damage.
The foxfire hits Terence but does no damage.
The giant cockroach closely misses you.
Casting: Foxfire (safe; 2% risk of failure)
Confirm with . or Enter, or press ? or * to list all spells.
You conjure some foxfire!
The giant cockroach barely misses you. The giant cockroach closely misses you.
Terence screams, "I want your blood!" Terence misses you.
The foxfire hits Terence.
Terence is lightly wounded.
The foxfire hits Terence.
Terence is moderately wounded.
The giant cockroach bites you but does no damage.
The dart slug launches a dart at you. The slug dart misses you.
Terence hits you with a +0 falchion! The giant cockroach misses you.
Terence hits you with a +0 falchion.
You climb upwards.
There is a stone staircase leading down here.
Casting: Foxfire (safe; 2% risk of failure)
Confirm with . or Enter, or press ? or * to list all spells.
Flames lash Terence.
Terence is severely wounded.
Terence's fire resistance burns away.
The giant cockroach closely misses you. Terence misses you.
Casting: Scorch (safe; 2% risk of failure)
Confirm with . or Enter, or press ? or * to list all spells.
Flames lash Terence.
Terence is severely wounded.
The giant cockroach completely misses you.
Terence hits you with a +0 falchion.
* * * LOW HITPOINT WARNING * * *
Casting: Scorch (safe; 2% risk of failure)
Confirm with . or Enter, or press ? or * to list all spells.
Flames lash Terence.
Terence is severely wounded.
The giant cockroach bites you but does no damage.
Terence hits you with a +0 falchion!
You die...

....#.###......#
###.#.# #......#
..#.#.# #......#
....#.####.....#
....#..........#
....#####......#
###.# #......#
.##.#####......###
................@#
.....####.#.###B@#
###..##...#..##..#
..#..##.####.##..#
#.#..##....#.....#
#.#.......†...#'###
#.#.######.#......#
#.#.# #.'......#
..#.# ###...†..#


You could see Terence (combustible) and a giant cockroach.

Vanquished Creatures
  Natasha (twice) (D:2)
  3 gnolls
  An adder (D:2)
  2 giant cockroaches
  3 goblins
  A hobgoblin (D:2)
  3 ball pythons
  6 bats
  3 frilled lizards
  3 kobolds (D:1)
  3 rats
30 creatures vanquished.

Vanquished Creatures (others)
  86 foxfires
86 creatures vanquished.

Grand Total: 116 creatures vanquished

Notes
Turn   | Place    | Note
-------+----------+-------------------------------------------
     0 | D:1      | Ijustatesigmund the Deep Elf Fire Elementalist began the
                  | quest for the Orb.
     0 | D:1      | Reached XP level 1. HP: 10/10 MP: 6/6
   383 | D:1      | Reached XP level 2. HP: 15/15 MP: 6/8
  1218 | D:2      | Reached XP level 3. HP: 19/19 MP: 5/10
  1578 | D:1      | Learned a level 2 spell: Scorch
  1944 | D:2      | Noticed Natasha
  1951 | D:2      | Killed Natasha
  1952 | D:2      | Reached XP level 4. HP: 24/24 MP: 8/12
  2043 | D:2      | Learned a level 4 spell: Flame Wave
  2076 | D:2      | Noticed Natasha
  2082 | D:2      | Killed Natasha
  2111 | D:3      | Noticed Terence
  2122 | D:2      | Slain by Terence

Illustrated notes

Levels and vault maps discovered:
D:1:      dpeg_arrival_signposts, layout_loops_ring, serial_park_tiny_2
D:2:      layout_basic, uniq_natasha
D:3:      layout_loops_ring, amethyst_overflow_temple_binary,
          kennysheep_orc_chapel, uniq_terence, uniq_ijyb, uniq_jessica,
          uniq_crazy_yiuf_cottage

Skill      XL: |  1  2  3  4 |
---------------+-------------+-----
Conjurations   | 2 3 |  3.0
Spellcasting   | 4 |  4.5
Fire Magic     | 4 |  4.3
Dodging        | |  2.4
Stealth        | |  2.4

Action                   |  1- 3 |  4- 6 || total
-------------------------+-------+-------++-------
Melee: Short sword       |     2 |       ||     2
 Cast: Foxfire           |    54 |     6 ||    60
       Scorch            |       |     3 ||     3
  Use: Scroll            |     2 |       ||     2
Armor: Robe              |     1 |     2 ||     3
Dodge: Dodged            |     9 |     9 ||    18

Table legend: (Time is in decaauts)
 A = Elapsed time spent in this place.
 B = Non-inter-level travel time spent in this place.
 C = Inter-level travel time spent in this place.
 D = Time resting spent in this place.
 E = Time spent auto-exploring this place.
 F = Levels seen in this place.
 G = Mean time per level.
                   A        B        C        D        E       F      G
               +--------+--------+--------+--------+--------+-----+--------+
         Total |   2122 |   2049 |     73 |    389 |   1443 |   3 |  707.3 |
       Dungeon |   2122 |   2049 |     73 |    389 |   1443 |   3 |  707.3 |
               +--------+--------+--------+--------+--------+-----+--------+

Top non-repeatable levels by time:
     D:1: 1093 daAuts
     D:2: 1021 daAuts
     D:3: 7 daAuts
